 Dungeon Crawl Stone Soup version 0.24-a0-459-g225fefd530 (webtiles) character file.

Game seed: 18169671567037908280

96 Azzok the Chopper (level 4, -1/39 HPs)
             Began as a Hill Orc Fighter on June 28, 2019.
             Slain by Grinder (2 damage)
             ... on level 3 of the Dungeon.
             The game lasted 00:02:36 (2775 turns).

Azzok the Chopper (Hill Orc Fighter)                Turns: 2775, Time: 00:02:36

Health: -1/39      AC: 10    Str: 19    XL:     4   Next: 67%
Magic:  4/4        EV:  7    Int:  8    God:
Gold:   114        SH:  0    Dex: 10    Spells: 3/3 levels left

rFire    . . .     SeeInvis .   b - +4 quarterstaff (chaos)
rCold    . . .     Gourm    .   (shield currently unavailable)
rNeg     . . .     Faith    .   g - +0 chain mail
rPois    .         Spirit   .   (no helmet)
rElec    .         Reflect  .   k - +0 cloak
rCorr    .         Harm     .   (no gloves)
MR       .....                  (no boots)
Stlth    ..........             (no amulet)
HPRegen  0.13/turn              (no ring)
MPRegen  0.09/turn              (no ring)

@: no status effects
A: no striking features
a: no special abilities


You were on level 3 of the Dungeon.
You were not hungry.

You visited 1 branch of the dungeon, and saw 3 of its levels.

You collected 114 gold pieces.

Inventory:

Hand Weapons
 a - a +0 war axe
 b - a +4 quarterstaff of chaos (weapon)
 l - a +0 short sword of venom
Armour
 c - a +0 shield
 g - a +0 chain mail (worn)
 k - a +0 cloak (worn)
Scrolls
 h - a scroll of magic mapping {unknown}
 j - a scroll of teleportation
 m - a scroll of remove curse
 n - 2 scrolls of fear {unknown}
 o - a scroll of enchant armour {unknown}
Potions
 d - a potion of might
 e - 3 potions of heal wounds {unknown}
 i - 2 potions of haste {unknown}
 p - a potion of berserk rage {unknown}
Comestibles
 f - 4 rations


   Skills:
 - Level 3.6 Fighting
 + Level 6.3 Axes
 - Level 3.2 Armour
 - Level 3.2 Shields


You had 3 spell levels left.
You didn't know any spells.
Your spell library was empty.

Dungeon Overview and Level Annotations

Branches:
Dungeon (3/15)

Altars:
Ashenzari

Annotations:
D:3 Grinder


Message History

Your chain mail prevents you from hitting Grinder.
Grinder is heavily wounded.
Grinder barely misses you.
You barely miss Grinder.
Grinder is heavily wounded.
Grinder gestures at you.
You barely resist. You sock Grinder! You burn Grinder.
Grinder is severely wounded.
Grinder gestures at you. Pain shoots through your body!
Grinder gestures at you. Pain shoots through your body!
* * * LOW HITPOINT WARNING * * *
You hit Grinder. Frost covers your body.
Grinder is almost dead.
Grinder hits you.
* * * LOW HITPOINT WARNING * * *
You writhe in agony.
You die...

········▒·▒
······▒·▒<▒▒
▒·▒··············▒
▒!▒··············▒
········▒'▒▒·····▒
····?···▒········▒
········▒······▒▒▒
····$···▒▒5······▒▒
·>······▒▒@·········▒
········▒▒··········▒
·······)·······▒▒▒▒▒▒
·················▒
·················▒
·······▒·········▒
·······▒·········▒
·······▒·········▒
<······▒·········▒


You could see Grinder.

Vanquished Creatures
  Crazy Yiuf (D:2)
  An adder (D:2)
  A worm (D:2)
  3 dart slugs
  4 leopard geckos (D:1)
  An orc (D:3)
  2 bats (D:2)
  3 giant cockroaches
  7 goblins
  2 hobgoblins (D:1)
  9 kobolds
  A quokka (D:2)
  A ball python (D:3)
  2 frilled lizards
  6 rats
44 creatures vanquished.

Notes
Turn   | Place    | Note
-------+----------+-------------------------------------------
     0 | D:1      | Azzok the Hill Orc Fighter began the quest for the Orb.
     0 | D:1      | Reached XP level 1. HP: 19/19 MP: 1/1
    38 | D:1      | Reached skill level 3 in Axes
    91 | D:1      | Reached XP level 2. HP: 21/26 MP: 2/2
   245 | D:1      | Reached skill level 4 in Axes
   411 | D:1      | Found a shattered altar of Ashenzari.
   497 | D:1      | Reached XP level 3. HP: 28/31 MP: 3/3
  1015 | D:1      | Reached skill level 5 in Axes
  1632 | D:2      | Reached XP level 4. HP: 21/39 MP: 4/4
  1907 | D:2      | Found a runed translucent door.
  1908 | D:2      | Noticed Crazy Yiuf
  1931 | D:2      | Killed Crazy Yiuf
  1931 | D:2      | Reached skill level 6 in Axes
  2569 | D:3      | Noticed Grinder
  2576 | D:3      | Paralysed by Grinder for 6 turns
  2775 | D:3      | HP: 1/39 [Grinder (5)]
  2775 | D:3      | Slain by Grinder

Levels and vault maps discovered:
D:1:      lemuel_arrival_broad_hall, layout_rooms, nicolae_ashenzari_panopticon
D:2:      minmay_general_purpose_star, layout_loops_corners,
          uniq_crazy_yiuf_cottage
D:3:      minmay_wonky_spiral, layout_basic, chequers_ecumenical_altar_grove,
          gammafunk_ghost_smash, dk_noncrumbling_2, uniq_jessica, uniq_grinder,
          uniq_robin

Skill      XL: |  1  2  3  4 |
---------------+-------------+-----
Axes           | 3 4 5 6 |  6.3
Fighting       | |  3.6
Armour         | |  3.2
Shields        | |  3.2

Action                   |  1- 3 |  4- 6 || total
-------------------------+-------+-------++-------
Melee: War axe           |    76 |       ||    76
       Short sword       |    72 |     9 ||    81
       Quarterstaff      |       |    16 ||    16
  Use: Scroll            |     4 |       ||     4
  Eat: Chunk             |     2 |     4 ||     6
Armor: Scale mail        |    13 |       ||    13
       Chain mail        |    48 |    17 ||    65
Dodge: Dodged            |    30 |     8 ||    38
Block: Shield            |    74 |     4 ||    78

Table legend:
 A = Non-vault XP
 B = Vault XP
 C = Vault XP percentage of total XP
 D = Non-vault monster count
 E = Vault monster count
 F = Vault count percentage of total count
                 A         B        C        D         E       F
            +---------+---------+-------+---------+---------+-------
      Total |      93 |      45 |  32.6 |      41 |       3 |   6.8
            +---------+---------+-------+---------+---------+-------
        D:1 |      52 |       0 |   0.0 |      27 |       0 |   0.0
        D:2 |      33 |      45 |  57.7 |       9 |       3 |  25.0
        D:3 |       8 |       0 |   0.0 |       5 |       0 |   0.0
            +---------+---------+-------+---------+---------+-------
